 Dungeon Sprint DCSS version 0.30-a0-56-ge6a4009bfd (webtiles) character file.

Game seed: 9646698422628993704

9816 mhtbhm the Earth Mage (level 11, -12/62 HPs)
             Began as a Gargoyle Earth Elementalist on Sept 10, 2022.
             Was the Champion of Vehumet.
             Mangled by a skeletal warrior
             ... wielding a +0 flail
              (19 damage)
             ... in the Dungeon (Sprint III: "The Ten Rune Challenge").
             The game lasted 00:08:40 (2673 turns).

mhtbhm the Earth Mage (Gargoyle Earth Elementalist) Turns: 2673, Time: 00:08:41

Health: -12/62     AC: 10    Str: 12    XL:     11   Next: 52%
Magic:  14/31      EV: 13    Int: 20    God:    Vehumet [******]
Gold:   1458       SH:  0    Dex: 10    Spells: 26/43 levels left

rFire   . . .      SeeInvis .    i - +0 quarterstaff
rCold   . . .      Faith    .    (shield currently unavailable)
rNeg    + . .      Spirit   .    a - +0 robe
rPois   ∞          Reflect  .    (no helmet)
rElec   +          Harm     .    (no cloak)
rCorr   .          Rampage  .    (no gloves)
Will    .....      NoTele   +    (no boots)
Stlth   +++.......               (no amulet)
HPRegen 0.20/turn                (no ring)
MPRegen 0.22/turn                (no ring)

@: no status effects
A: sickness immunity, AC +8, negative energy resistance 1, electricity
resistance, torment resistance 1, petrification resistance
a: Renounce Religion


You were in the Dungeon.
You worshipped Vehumet.
Vehumet was exalted by your worship.
You visited 1 branch You collected 1542 gold pieces.
You spent 84 gold pieces at shops.

Inventory:

Hand Weapons
 i - a +0 quarterstaff (weapon)
Missiles
 d - 4 javelins
 t - 7 curare-tipped darts (quivered)
Armour
 a - a +0 robe (worn)
Wands
 q - a wand of quicksilver (10)
Scrolls
 j - 2 scrolls of immolation
 k - 13 scrolls of identify
 n - a scroll of torment {unknown}
Potions
 b - 3 potions of magic
 c - a potion of curing
 f - 2 potions of berserk rage
 l - a potion of degeneration {unknown}
 m - a potion of flight {unknown}
 o - a potion of brilliance {unknown}
 p - 4 potions of mutation
 r - a potion of might
Miscellaneous
 s - a phantom mirror (inert)


   Skills:
 + Level 4.7 Fighting
 + Level 0.1 Throwing
 + Level 5.4 Dodging
 + Level 6.0 Stealth
 + Level 16.9 Spellcasting
 + Level 6.4 Conjurations
 + Level 2.3 Transmutations
 + Level 1.9 Air Magic
 + Level 20.8 Earth Magic
 + Level 2.4 Poison Magic
 + Level 0.4 Evocations


You had 26 spell levels left.
You knew the following spells:

 Your Spells              Type           Power      Damage    Failure   Level
a - Sandblast             Erth           100%       2d20      0%          1
b - Passwall              Tmut/Erth      49%        N/A       1%          2
c - Stone Arrow           Conj/Erth      100%       3d13      1%          3
d - Petrify               Tmut/Erth      59%        N/A       1%          4
e - Mephitic Cloud        Conj/Pois/Air  31%        N/A       1%          3
f - Flame Wave            Conj/Fire      29%        2d9       2%          4

Your spell library contained the following spells:

 Spells                   Type           Power      Damage    Failure   Level
 Orb of Destruction       Conj           21%        9d8       45%         7
 Apportation              Tloc           32%        N/A       3%          1
 Necrotise                Necr           64%        1d7       3%          1
 Summon Small Mammal      Summ           64%        N/A       3%          1
 Blink                    Tloc           32%        N/A       5%          2
 Lesser Beckoning         Tloc           16%        N/A       11%         3
 Manifold Assault         Tloc           16%        N/A       67%         5


Dungeon Overview and Level Annotations

Branches:
Dungeon (1/1)

Altars:
Cheibriados
Dithmenos
Elyvilon
Fedhas
Gozag
Hepliaklqana
Kikubaaqudgha
Makhleb
Nemelex Xobeh
Okawaru
Qazlal
Ru
Sif Muna
Trog
Uskayaw
Vehumet
Wu Jian
Xom
Yredelemnul
Zin
The Shining One
Jiyva
Lugonu

Shops:
D *


Innate Abilities, Weirdness & Mutations

You are immune to sickness and miasma.
Your stone body is resilient. (AC +8)
You are immune to poison.
You resist negative energy. (rN+)
You are resistant to electric shocks. (rElec)
You are resistant to unholy torment.
You are immune to petrification.


Message History

Unknown command.
Unknown command.
Casting: Stone Arrow (safe; 1% risk of failure)
Confirm with . or Enter, or press ? or * to list all spells.
Aiming: Sandblast (safe; 0% risk of failure)
Press: ? - help, Shift-Dir - straight line, f/p - skeletal warrior
Aim: a skeletal warrior, wielding a +0 flail (almost destroyed, 85% to hit)
The blast of sand hits the skeletal warrior.
The skeletal warrior is almost destroyed.
The skeletal warrior hits you with a +0 flail.
Unknown command.
Unknown command.
Casting: Sandblast (safe; 0% risk of failure)
Confirm with . or Enter, or press ? or * to list all spells.
Aiming: Sandblast (safe; 0% risk of failure)
Press: ? - help, Shift-Dir - straight line, f/p - skeletal warrior
Aim: a skeletal warrior, wielding a +0 flail (foul pestilence, almost destroyed, 85% to hit)
The blast of sand hits the skeletal warrior but does no damage.
The skeletal warrior is almost destroyed.
The skeletal warrior hits you with a +0 flail. x2
Unknown command.
Casting: Sandblast (safe; 0% risk of failure)
Confirm with . or Enter, or press ? or * to list all spells.
Aiming: Sandblast (safe; 0% risk of failure)
Press: ? - help, Shift-Dir - straight line, f/p - skeletal warrior
Aim: a skeletal warrior, wielding a +0 flail (foul pestilence, almost destroyed, 85% to hit)
The blast of sand hits the skeletal warrior but does no damage.
The skeletal warrior is almost destroyed.
The skeletal warrior hits you with a +0 flail!
* * * LOW HITPOINT WARNING * * *
Unknown command.
Casting: Sandblast (safe; 0% risk of failure)
Confirm with . or Enter, or press ? or * to list all spells.
Aiming: Sandblast (safe; 0% risk of failure)
Press: ? - help, Shift-Dir - straight line, f/p - skeletal warrior
Aim: a skeletal warrior, wielding a +0 flail (foul pestilence, almost destroyed, 85% to hit)
The blast of sand hits the skeletal warrior but does no damage.
The skeletal warrior is almost destroyed.
The skeletal warrior hits you with a +0 flail!!
You die...

#...#.§≈≈≈#
#...#.#≈§≈##
#####)# ≈§≈###≈
#...).###§≈≈≈≈≈
#)....#.#c≈≈≈≈≈
#.)...#°###§§
#.....#☼○☼# §
#'#####°.§###
#§....○.☼@z○#
#§###########
#.# #.# #.# #.#
#.# #.#


You could see a skeletal warrior.

Vanquished Creatures
  Sigmund (D)
  Josephine (D)
  A centaur warrior (D)
  Urug (D)
  A lindwurm (D)
  A deep elf pyromancer (D)
  2 cane toads (D)
  Edmund (D)
  A rime drake (D)
  An unseen horror (D)
  A komodo dragon (D)
  3 wandering mushrooms (D)
  2 tyrant leeches (D)
  An orc high priest (D)
  A shadow (D)
  3 redbacks (D)
  A spatial vortex (D)
  3 orc warriors (D)
  A swamp drake (D)
  A floating eye (D)
  2 centaurs (D)
  An earth elemental (D)
  A necrophage (D)
  A water elemental (D)
  A jelly (D)
  5 orc priests (D)
  A wizard (D)
  Jessica (D)
  A necromancer (D)
  4 orc wizards (D)
  A kobold demonologist (D)
  3 humans (D)
  A wolf (D)
  9 orcs (D)
  An endoplasm (D)
  2 rats (D)
63 creatures vanquished.

Vanquished Creatures (others)
  9 plants (D)
9 creatures vanquished.

Grand Total: 72 creatures vanquished

Notes
Turn   | Place    | Note
-------+----------+-------------------------------------------
     0 | D        | mhtbhm the Gargoyle Earth Elementalist began the quest for
                  | the Orb.
     0 | D        | Reached XP level 1. HP: 10/10 MP: 3/3
     3 | D        | Reached skill level 4 in Earth Magic
    36 | D        | Noticed Jessica
    38 | D        | Killed Jessica
    39 | D        | Reached skill level 6 in Earth Magic
    39 | D        | Reached XP level 2. HP: 15/15 MP: 0/6
    39 | D        | Reached XP level 3. HP: 19/19 MP: 0/7
   112 | D        | Learned a level 2 spell: Passwall
   116 | D        | Learned a level 3 spell: Stone Arrow
   136 | D        | Reached skill level 7 in Earth Magic
   202 | D        | Reached XP level 4. HP: 24/24 MP: 5/10
   238 | D        | Learned a level 4 spell: Petrify
   275 | D        | Noticed a water elemental
   280 | D        | Killed a water elemental
   281 | D        | Reached skill level 1 in Fighting
   281 | D        | Reached skill level 5 in Spellcasting
   281 | D        | Reached skill level 8 in Earth Magic
   414 | D        | Found a radiant altar of Vehumet.
   414 | D        | Found a shimmering blue altar of Sif Muna.
   414 | D        | Found an ancient bone altar of Kikubaaqudgha.
   414 | D        | Noticed a wizard
   415 | D        | Killed a wizard
   416 | D        | Reached skill level 9 in Earth Magic
   416 | D        | Reached XP level 5. HP: 29/29 MP: 11/13
   427 | D        | Became a worshipper of Vehumet
   455 | D        | Found a basalt altar of Yredelemnul.
   455 | D        | Found a shadowy altar of Dithmenos.
   455 | D        | Found a sacrificial altar of Ru.
   458 | D        | Reached skill level 10 in Earth Magic
   459 | D        | Reached XP level 6. HP: 34/35 MP: 10/15
   496 | D        | Found a glowing silver altar of Zin.
   496 | D        | Found a glowing golden altar of the Shining One.
   496 | D        | Found a white marble altar of Elyvilon.
   496 | D        | Noticed a deep elf pyromancer
   499 | D        | Noticed a fire elemental
   500 | D        | Killed a deep elf pyromancer
   500 | D        | Reached * piety under Vehumet
   500 | D        | Offered knowledge of Magic Dart by Vehumet.
   501 | D        | Reached skill level 1 in Conjurations
   501 | D        | Reached skill level 13 in Earth Magic
   501 | D        | Reached XP level 7. HP: 26/41 MP: 12/19
   614 | D        | Found a hide-covered altar of Uskayaw.
   614 | D        | Found an iron altar of Okawaru.
   614 | D        | Found a bloodstained altar of Trog.
   614 | D        | Found an ornate altar of the Wu Jian Council.
   614 | D        | Noticed a human
   614 | D        | Noticed a human
   617 | D        | Killed a human
   619 | D        | Killed a human
   620 | D        | Reached skill level 10 in Spellcasting
   620 | D        | Reached skill level 14 in Earth Magic
   620 | D        | Reached XP level 8. HP: 46/46 MP: 16/22
   668 | D        | Noticed a shadow
   669 | D        | Killed a shadow
   669 | D        | Reached ** piety under Vehumet
   669 | D        | Offered knowledge of Static Discharge by Vehumet.
   742 | D        | Found a blossoming altar of Fedhas.
   742 | D        | Found a stormy altar of Qazlal.
   742 | D        | Found a snail-covered altar of Cheibriados.
   742 | D        | Found a burning altar of Makhleb.
   742 | D        | Found a shimmering altar of Xom.
   743 | D        | Found a hazy altar of Hepliaklqana.
   743 | D        | Found an opulent altar of Gozag.
   743 | D        | Found a sparkling altar of Nemelex Xobeh.
   743 | D        | Found a corrupted altar of Lugonu.
   743 | D        | Found a viscous altar of Jiyva.
   773 | D        | Noticed Josephine
   783 | D        | Killed Josephine
   784 | D        | Reached skill level 5 in Stealth
   784 | D        | Reached skill level 15 in Earth Magic
   784 | D        | Reached XP level 9. HP: 38/52 MP: 17/24
   887 | D        | Offered knowledge of Mephitic Cloud by Vehumet.
   887 | D        | Reached *** piety under Vehumet
   971 | D        | Learned a level 3 spell: Mephitic Cloud
   982 | D        | Offered knowledge of Iskenderun's Mystic Blast by Vehumet.
   988 | D        | Reached **** piety under Vehumet
   991 | D        | Reached skill level 16 in Earth Magic
   994 | D        | Reached ***** piety under Vehumet
  1011 | D        | Reached skill level 1 in Air Magic
  1054 | D        | Found Vaoq's General Store.
  1154 | D        | Bought a potion of curing for 36 gold pieces
  1156 | D        | Bought a scroll of immolation for 48 gold pieces
  1184 | D        | Noticed a centaur warrior
  1186 | D        | Offered knowledge of Yara's Violent Unravelling by Vehumet.
  1187 | D        | Reached skill level 1 in Poison Magic
  1188 | D        | Reached skill level 1 in Transmutations
  1190 | D        | Killed a centaur warrior
  1190 | D        | Reached ****** piety under Vehumet
  1191 | D        | Reached skill level 17 in Earth Magic
  1238 | D        | Killed an unseen horror
  1239 | D        | Reached XP level 10. HP: 44/56 MP: 22/27
  1398 | D        | Offered knowledge of Ozocubu's Refrigeration by Vehumet.
  1412 | D        | Reached skill level 18 in Earth Magic
  1544 | D        | Noticed Sigmund
  1544 | D        | Noticed Edmund
  1553 | D        | Killed Edmund
  1557 | D        | Killed Sigmund
  1558 | D        | Reached skill level 5 in Dodging
  1558 | D        | Reached skill level 15 in Spellcasting
  1558 | D        | Reached skill level 5 in Conjurations
  1558 | D        | Reached skill level 19 in Earth Magic
  1636 | D        | Noticed a cane toad
  1636 | D        | Noticed a cane toad
  1647 | D        | Killed a cane toad
  1648 | D        | Reached XP level 11. HP: 41/62 MP: 20/30
  1779 | D        | Offered knowledge of Flame Wave by Vehumet.
  1791 | D        | Learned a level 4 spell: Flame Wave
  1830 | D        | Reached skill level 20 in Earth Magic
  2089 | D        | Noticed a lindwurm
  2093 | D        | Killed a lindwurm
  2148 | D        | Noticed Urug
  2154 | D        | Killed Urug
  2154 | D        | Offered knowledge of Orb of Destruction by Vehumet.
  2655 | D        | Noticed a yaktaur captain
  2664 | D        | Noticed a skeletal warrior
  2673 | D        | Mangled by a skeletal warrior

Illustrated notes

Levels and vault maps discovered:
D:        dungeon_sprint_mu [sprint_mu_entry_forest, sprint_mu_temple_rooms,
          sprint_mu_d1_horrors, sprint_mu_d2_genie, sprint_mu_d3_branching,
          sprint_mu_orc_legion, sprint_mu_elf_gauntlet, sprint_mu_hive_nellie,
          sprint_mu_lair_fedhas, sprint_mu_vaults_butterflies,
          sprint_mu_slime_circle, sprint_mu_swamp_cave, sprint_mu_shoals_kraken,
          sprint_mu_blade_basic, sprint_mu_crypt_fortress,
          sprint_mu_tomb_spiral, sprint_mu_vestibule_basic,
          sprint_mu_gehenna_hellfire, sprint_mu_dis_giant,
          sprint_mu_tartarus_statrot, sprint_mu_cocytus_islands, sprint_mu_zot1]

Skill      XL: |  1  2  3  4  5  6  7  8  9 10 11 |
---------------+----------------------------------+-----
Earth Magic    | 6 7 9 10 13 14 15 17 19 20 | 20.8
Dodging        | 2 3 4 5 |  5.4
Spellcasting   | 3 4 5 6 9 10 11 13 15 16 | 16.9
Stealth        | 3 4 5 6 |  6.0
Fighting       | 1 3 4 |  4.7
Conjurations   | 1 2 3 5 6 |  6.4
Air Magic      | 1 |  1.9
Poison Magic   | 1 2 |  2.4
Transmutations | 1 2 |  2.3
Throwing       | |  0.1
Evocations     | |  0.4

Action                   |  1- 3 |  4- 6 |  7- 9 | 10-12 || total
-------------------------+-------+-------+-------+-------++-------
Melee: Quarterstaff      |       |       |       |     1 ||     1
Throw: Dart              |       |       |       |     1 ||     1
 Cast: Sandblast         |    12 |    13 |    50 |    43 ||   118
       Stone Arrow       |     1 |     1 |     5 |    32 ||    39
       Mephitic Cloud    |       |       |     5 |     5 ||    10
       Passwall          |       |       |     4 |       ||     4
       Petrify           |       |       |       |     2 ||     2
       Flame Wave        |       |       |       |     2 ||     2
Evoke: Phantom mirror    |       |       |     1 |     1 ||     2
  Use: Potion            |       |       |       |     4 ||     4
       Scroll            |       |       |       |     2 ||     2
Armor: Robe              |     2 |     3 |     6 |     8 ||    19
Dodge: Dodged            |       |     1 |    10 |    27 ||    38

Table legend: (Time is in decaauts)
 A = Elapsed time spent in this place.
 B = Non-inter-level travel time spent in this place.
 C = Inter-level travel time spent in this place.
 D = Time resting spent in this place.
 E = Time spent auto-exploring this place.
 F = Levels seen in this place.
 G = Mean time per level.
                   A        B        C        D        E       F      G
               +--------+--------+--------+--------+--------+-----+--------+
         Total |   2749 |   2749 |      0 |   1850 |      1 |   1 | 2749.0 |
       Dungeon |   2749 |   2749 |      0 |   1850 |      1 |   1 | 2749.0 |
               +--------+--------+--------+--------+--------+-----+--------+

Top non-repeatable levels by time:
       D: 2749 daAuts
